 Dungeon Crawl Stone Soup version 0.21-a0-404-g291f19a (webtiles) character file.

4 Dorkslayer the Charmwright (level 1, 0/17 HPs)
             Began as a Gnoll Wanderer on Oct 28, 2017.
             Slain by a rat (1 damage)
             ... on level 1 of the Dungeon.
             The game lasted 00:01:12 (71 turns).

Dorkslayer the Charmwright (Gnoll Wanderer)           Turns: 71, Time: 00:01:13

Health: 0/17       AC:  2    Str: 15    XL:     1   Next: 70%
Magic:  1/1        EV: 13    Int: 12    God:
Gold:   6          SH:  0    Dex: 15    Spells: 0/0 levels left

rFire    . . .     SeeInvis .   b - +2 blowgun
rCold    . . .     Gourm    .   (no shield)
rNeg     . . .     Faith    .   d - +0 robe
rPois    .         Spirit   .   (no helmet)
rElec    .         Reflect  .   (no cloak)
rCorr    .         Harm     .   (no gloves)
MR       .....                  (no boots)
Stlth    +.........             (no amulet)
HPRegen  0.05/turn              (no ring)
MPRegen  0.07/turn              (no ring)

@: no status effects
A: distributed training, fangs 1, strong nose
a: no special abilities


You were on level 1 of the Dungeon.
You were not hungry.

You visited 1 branch of the dungeon, and saw 1 of its levels.

You collected 6 gold pieces.

Inventory:

Hand Weapons
 b - a +2 blowgun (weapon)
Armour
 d - a +0 robe (worn)
Books
 c - Zaunyer's Tome of the Traveller

   Spells                             Type                      Level
   a - Apportation                    Translocation                1
   b - Teleport Other                 Translocation                3
Comestibles
 f - a bread ration
 g - 5 chunks of flesh


   Skills:
 + Level 2.4 Fighting
 + Level 0.1 Short Blades
 + Level 0.1 Long Blades
 + Level 0.1 Axes
 + Level 0.1 Maces & Flails
 + Level 0.1 Polearms
 + Level 2.4 Staves
 + Level 0.1 Slings
 + Level 0.1 Bows
 + Level 0.1 Crossbows
 + Level 4.4 Throwing
 + Level 0.1 Armour
 + Level 2.4 Dodging
 + Level 0.1 Stealth
 + Level 0.1 Shields
 + Level 0.1 Unarmed Combat
 + Level 0.1 Spellcasting
 + Level 0.1 Conjurations
 + Level 0.1 Hexes
 + Level 5.3 Charms
 + Level 0.1 Summonings
 + Level 3.6 Necromancy
 + Level 0.1 Translocations
 + Level 0.1 Transmutations
 + Level 0.1 Fire Magic
 + Level 0.1 Ice Magic
 + Level 0.1 Air Magic
 + Level 0.1 Earth Magic
 + Level 0.1 Poison Magic
 + Level 0.2 Invocations
 + Level 0.1 Evocations


You couldn't memorise any spells.
You didn't know any spells.

Dungeon Overview and Level Annotations

Branches:
Dungeon (1/15)

Altars:


Innate Abilities, Weirdness & Mutations

Your experience applies equally to all skills.
You have very sharp teeth.
Your uncanny sense of smell can sniff out nearby items.


Message History

You clumsily bash the kobold but do no damage.
The bat barely misses you. The kobold closely misses you.
The giant cockroach bites you.
* * * LOW HITPOINT WARNING * * *
The kobold barely misses you. The giant cockroach closely misses you.
You clumsily bash the kobold but do no damage.
The bat hits you but does no damage. x2; The bat barely misses you.
The giant cockroach barely misses you. The rat bites you but does no damage.
The kobold barely misses you. The giant cockroach closely misses you.
You clumsily bash the kobold but do no damage.
You bite the kobold.
The kobold is moderately wounded.
The bat barely misses you. The bat hits you but does no damage.
The rat bites you but does no damage. The kobold hits you but does no damage.
The bat hits you.
* * * LOW HITPOINT WARNING * * *
The giant cockroach bites you.
* * * LOW HITPOINT WARNING * * *
The rat bites you.
You die...

##g####.....#
.####..####...##
...........######
..######..%......
#......### ∆
##'####.# ∆
##g..## .#
#bKs..# . #.@r..#
#..g..# ##...##
#####


You could see a giant cockroach, a hobgoblin, a goblin, a bat, a kobold and a
rat.

Vanquished Creatures
  A leopard gecko (D:1)
  2 hobgoblins (D:1)
3 creatures vanquished.

Notes
Turn   | Place    | Note
-------+----------+-------------------------------------------
     0 | D:1      | Dorkslayer the Gnoll Wanderer began the quest for the Orb.
     0 | D:1      | Dorkslayer set off with: 3 curare-tipped needles, a +2 blowgun, Zaunyer's Tome of the Traveller, a +0 robe, a bread ration
     0 | D:1      | Reached XP level 1. HP: 17/17 MP: 1/1
     4 | D:1      | Identified Zaunyer's Tome of the Traveller
    71 | D:1      | Slain by a rat

Vault maps used:
D:1:      noname_arrival_rooms_in_the_neighbourhood

Action                   || total
-------------------------++-------
Melee: Blowgun           ||     6
       Bite              ||     1
 Fire: Blowgun           ||     5
Throw: Stone             ||     3
  Use: Scroll            ||     1
Armor: Robe              ||    18
Dodge: Dodged            ||    36

Table legend:
 A = Spawn XP
 B = Non-spawn XP
 C = Spawn XP percentage of total XP
 D = Spawn monster count
 E = Non-spawn monster count
 F = Spawn count percentage of total count
 G = Total turns spent on level
                    A         B        C        D         E        F      G
               +---------+---------+-------+---------+---------+-------+---------
         Total |       0 |       7 |   0.0 |       0 |       3 |   0.0 |    71
               +---------+---------+-------+---------+---------+-------+---------
           D:1 |       0 |       7 |   0.0 |       0 |       3 |   0.0 |    71
               +---------+---------+-------+---------+---------+-------+---------
